 Dungeon Crawl Stone Soup version 0.27-a0-1193-g8631133539 (webtiles) character file.

Game seed: 5142554130938383071

37001 leviel the Severer (level 13, -6/178 HPs)
             Began as a Hill Orc Fighter on May 25, 2021.
             Was a Follower of Jiyva.
             Mangled by a death yak (16 damage)
             ... on level 6 of the Lair of Beasts.
             The game lasted 00:32:08 (22205 turns).

leviel the Severer (Hill Orc Fighter)              Turns: 22205, Time: 00:32:09

Health: -6/178     AC: 21    Str: 24    XL:     13   Next: 93%
Magic:  13/13      EV:  7    Int:  8    God:    Jiyva [*.....]
Gold:   1328       SH: 13    Dex: 10    Spells: 12/12 levels left

rFire    . . .     SeeInvis +   a - +3 war axe (spect)
rCold    . . .     Faith    .   c - +0 kite shield
rNeg     . . .     Spirit   .   u - +3 plate armour
rPois    .         Reflect  .   o - +0 helmet
rElec    .         Harm     .   i - +0 cloak
rCorr    +         Rampage  .   (no gloves)
Will     .....     Clarity  +   (no boots)
Stlth    ..........             (no amulet)
HPRegen  0.39/turn              f - ring of see invisible {=r}
MPRegen  0.13/turn              v - ring of resist corrosion

@: mighty, berserking, studying Dodging, very quick
A: talons 1, clarity
a: Renounce Religion, Request Jelly


You were on level 6 of the Lair of Beasts.
You worshipped Jiyva.
Jiyva was aware of your devotion.
You visited 3 branches of the dungeon, and saw 16 of its levels.
You also visited: Ossuary and Bailey.

You collected 1328 gold pieces.

Inventory:

Hand Weapons
 a - a +3 spectral war axe (weapon)
 d - the +6 hand axe of Calculation {vorpal, rElec rF+++ rCorr Int-3}
   (You found it in a bailey)

   It inflicts extra damage upon your enemies.
   It affects your intelligence (-3).
   It renders you almost immune to fire.
   It insulates you from electricity.
   It protects you from acid and corrosion.
Missiles
 l - 4 boomerangs
 G - 7 atropa-tipped darts
Armour
 c - a +0 kite shield (worn)
 i - a +0 cloak (worn)
 o - a +0 helmet (worn)
 u - a +3 plate armour (worn)
Jewellery
 f - a ring of see invisible (left hand) {=r}
 g - a ring of protection from cold
 v - a ring of resist corrosion (right hand)
 y - a ring of protection from fire
 z - a +6 ring of dexterity
 A - a +6 ring of strength
Wands
 b - a wand of acid (14) (quivered)
 p - a wand of flame (28)
 F - a wand of polymorph (11)
 K - a wand of iceblast (10)
Scrolls
 h - a scroll of amnesia
 m - 2 scrolls of magic mapping
 r - 3 scrolls of fog
 s - 10 scrolls of identify {@r1}
 D - a scroll of immolation
 H - 3 scrolls of teleportation
 J - a scroll of brand weapon
Potions
 e - 5 potions of flight
 j - 3 potions of attraction
 k - 3 potions of curing
 n - a potion of cancellation
 q - 3 potions of degeneration
 w - 2 potions of resistance
 x - a potion of magic
 B - a potion of lignification
 E - 12 potions of ambrosia
 I - a potion of heal wounds
Miscellaneous
 L - a phantom mirror


   Skills:
 + Level 12.4 Fighting
 + Level 15.8 Axes
 + Level 11.4 Armour
 * Level 13.2 Shields
 - Level 7.2 Evocations


You had 12 spell levels left.
You didn't know any spells.
Your spell library contained the following spells:

 Spells                   Type           Power      Damage    Failure   Level
 Animate Skeleton         Necr           0%         N/A       99%         1
 Apportation              Tloc           0%         N/A       99%         1
 Corona                   Hex            0%         N/A       99%         1
 Summon Small Mammal      Summ           0%         N/A       99%         1
 Call Imp                 Summ           0%         N/A       100%        2
 Ensorcelled Hibernation  Hex/Ice        0%         N/A       100%        2
 Call Canine Familiar     Summ           0%         N/A       100%        3
 Confusing Touch          Hex            0%         N/A       100%        3
 Dazzling Flash           Conj/Hex       0%         N/A       100%        3
 Summon Guardian Golem    Hex/Summ       0%         N/A       100%        3
 Tukima's Dance           Hex            0%         N/A       100%        3
 Animate Armour           Summ/Erth      0%         N/A       100%        4
 Leda's Liquefaction      Hex/Erth       0%         N/A       100%        4
 Summon Ice Beast         Ice/Summ       0%         N/A       100%        4
 Summon Lightning Spire   Summ/Air       0%         N/A       100%        4
 Bolt of Magma            Conj/Fire/Erth 0%         4d4       100%        5
 Iron Shot                Conj/Erth      0%         9d1       100%        6
 Statue Form              Tmut/Erth      0%         N/A       100%        6
 Shatter                  Erth           0%         3d5*      100%        9


Dungeon Overview and Level Annotations

Branches:
Dungeon (9/15)             Temple (1/1) D:6            Lair (6/6) D:9
  Swamp (0/4) Lair:2        Snake (0/4) Lair:3        Slime (0/5) Lair:6
Ossuary (visited)          Bailey (visited)
    Orc: D:9-12

Altars:
Ashenzari
Dithmenos
Elyvilon
Fedhas
Gozag
Hepliaklqana
Kikubaaqudgha
Nemelex Xobeh
Okawaru
Qazlal
Sif Muna
Trog
Uskayaw
Vehumet
Wu Jian
Xom
Yredelemnul
Zin
The Shining One
Jiyva

Shops:
D:4 (

Annotations:
D:3 2 runed translucent doors
D:7 1 runed translucent door, RepHenryClay's ghost, novice DjFE
Lair:2 exclusion: 2 oklob plants


Innate Abilities, Weirdness & Mutations

You have sharp toenails.
You possess an exceptional clarity of mind.


Message History

You block the death yak's attack.
You feel much better. The death yak gores you! The yak gores you.
You block the death yak's attack. x2; The death yak gores you!
* * * LOW HITPOINT WARNING * * *
You slash the death yak! You claw the death yak!
The death yak is severely wounded.
You slash the death yak! x2; You slash the yak!
You slash the death yak!
The death yak gores you but does no damage.
The yak gores you but does no damage. You block the death yak's attack.
The death yak barely misses you.
You barely miss the death yak.
The death yak is severely wounded.
You hit the death yak. You hit the yak.
You kill the yak!
You slash the death yak! x2
Your spectral weapon hits the death yak!
Your spectral weapon hits the yak!
The death yak gores you but does no damage.
The yak closely misses your spectral weapon.
The death yak gores you but does no damage.
The death yak gores you.
* * * LOW HITPOINT WARNING * * *
A red film seems to cover your vision as you go berserk!
You feel yourself moving faster!
You feel mighty! The death yak gores you.
* * * LOW HITPOINT WARNING * * *
The death yak gores you!
* * * LOW HITPOINT WARNING * * *
The yak snorts and paws the ground.
The death yak barely misses you. You block the death yak's attack.
You slice the death yak!!
You kill the death yak!
You barely miss the death yak. x2; You slice the yak!!
You slash the death yak!
Your spectral weapon barely misses the death yak.
Your spectral weapon barely misses the yak.
Your spectral weapon hits the death yak but does no damage.
The death yak gores your spectral weapon!!
Your spectral weapon shares its damage with you!
* * * LOW HITPOINT WARNING * * *
The death yak gores you!
You die...

#..##
###P..#.....
#..###.....##....
##........####...
##...###.## ###.
#P..## #..## ##
##...# ##..### #
###YH## ##...##.
##YYY## ###......
#@Y###
###...##...
#.YY(#
#...####...
#..Y..# #...##
.P.? #......#...#
##### ##.......P#
##$.##.## #######


You could see 5 death yaks, a manticore, 3 yaks and a friendly +3 spectral war
axe (summoned).

Vanquished Creatures
  2 catoblepae (Lair:6)
  2 hydras
  2 two-headed ogres
  A death yak (Lair:6)
  An orc high priest (Bailey)
  A cyclops (D:9)
  A will-o-the-wisp (Lair:2)
  A manticore (Lair:6)
  13 elephants
  7 black mambas
  18 cane toads
  6 rime drakes
  7 komodo dragons
  A kobold demonologist (Bailey)
  A queen bee (Lair:2)
  3 polar bears
  A hornet (Lair:2)
  5 blink frogs (Lair:6)
  25 yaks
  2 fire elementals (Lair:5)
  4 wyverns
  3 basilisks
  3 steam dragons
  19 water moccasins
  15 orc warriors
  An ice beast (D:5)
  8 black bears
  A sky beast (D:6)
  A centaur (D:5)
  6 bullfrogs
  2 kobold brigands (D:9)
  5 elf zombies (Ossuary)
  4 scorpions
  25 killer bees
  4 wights (D:9)
  A howler monkey (D:8)
  7 centaur zombies
  9 electric eels
  A bullfrog zombie (D:9)
  2 human zombies (Ossuary)
  A jelly (D:6)
  2 centaur skeletons
  3 orc priests
  3 hounds
  Jessica (D:2)
  10 iguanas
  9 orc wizards
  A killer bee zombie (D:8)
  3 mummies (Ossuary)
  A howler monkey zombie (D:8)
  6 gnolls (Bailey)
  15 adders
  A shadow imp (D:6)
  A white imp (D:5)
  4 ufetubi
  4 worms
  4 dart slugs
  38 orcs
  2 bats
  3 endoplasms
  4 giant cockroaches
  13 goblins
  14 hobgoblins
  8 jackals
  2 quokkas
  5 ball pythons
  3 frilled lizards
  17 kobolds
  A quokka zombie (D:8)
  5 rats
  A rat zombie (D:8)
406 creatures vanquished.

Vanquished Creatures (others)
  2 jellies (Lair:6)
  A bush (Lair:4)
  8 foxfires (Lair:2)
  83 fungi
  154 plants
248 creatures vanquished.

Grand Total: 654 creatures vanquished

Notes
Turn   | Place    | Note
-------+----------+-------------------------------------------
     0 | D:1      | leviel the Hill Orc Fighter began the quest for the Orb.
     0 | D:1      | Reached XP level 1. HP: 19/19 MP: 1/1
   497 | D:1      | Reached skill level 3 in Axes
   637 | D:2      | Reached XP level 2. HP: 27/27 MP: 2/2
   782 | D:2      | Reached XP level 3. HP: 24/33 MP: 3/3
  1303 | D:2      | Noticed Jessica
  1310 | D:2      | Killed Jessica
  1311 | D:2      | Reached skill level 4 in Axes
  1311 | D:2      | Reached XP level 4. HP: 22/40 MP: 4/4
  1938 | D:3      | Reached XP level 5. HP: 47/47 MP: 5/5
  1986 | D:3      | Found a large runed translucent door.
  1988 | D:3      | Found a large runed translucent door.
  2274 | D:3      | Found a faded altar of an unknown god.
  2384 | D:4      | Reached skill level 5 in Axes
  2863 | D:4      | Found Raefesm's Weapon Shop.
  2986 | D:4      | Noticed a black bear
  2994 | D:4      | Killed a black bear
  2995 | D:4      | Reached skill level 1 in Evocations
  2995 | D:4      | Reached XP level 6. HP: 52/55 MP: 6/6
  3225 | D:5      | Entered Level 5 of the Dungeon
  3402 | D:5      | Reached skill level 5 in Fighting
  3402 | D:5      | Reached skill level 6 in Axes
  3533 | D:5      | Reached XP level 7. HP: 46/61 MP: 7/7
  4006 | D:5      | Reached skill level 7 in Axes
  4006 | D:5      | Reached skill level 5 in Armour
  4006 | D:5      | Reached skill level 5 in Shields
  4063 | D:5      | Reached XP level 8. HP: 69/69 MP: 8/8
  4715 | D:6      | Reached skill level 8 in Axes
  5054 | D:6      | Found a staircase to the Ecumenical Temple.
  5159 | Temple   | Entered the Ecumenical Temple
  5564 | D:6      | Found a bloodstained altar of Trog.
  6114 | D:7      | Found a flagged portal.
  6168 | Bailey   | Entered a bailey
  6397 | Bailey   | Reached skill level 9 in Axes
  6398 | Bailey   | Found an iron altar of Okawaru.
  6399 | Bailey   | Noticed a kobold demonologist
  6406 | Bailey   | Noticed a soul eater
  6413 | Bailey   | Noticed an orange demon
  6414 | Bailey   | Killed a kobold demonologist
  6415 | Bailey   | Reached XP level 9. HP: 22/78 MP: 9/9
  6494 | Bailey   | Noticed an orc high priest
  6502 | Bailey   | Killed an orc high priest
  6503 | Bailey   | Reached skill level 10 in Axes
  7241 | Bailey   | Identified the +6 hand axe of Calculation {vorpal, rElec
                  | rF+++ rCorr Int-3}
  7691 | Bailey   | Reached skill level 5 in Evocations
  7710 | Bailey   | Reached XP level 10. HP: 25/88 MP: 10/10
  8054 | Bailey   | Reached skill level 11 in Axes
  8278 | Bailey   | Acquired 292 gold pieces
  8281 | Bailey   | Gained mutation: You have sharp toenails. [potion of
                  | mutation]
  8281 | Bailey   | Gained mutation: You possess an exceptional clarity of
                  | mind. [potion of mutation]
  8582 | D:7      | Found a blossoming altar of Fedhas.
  8769 | D:7      | Noticed a two-headed ogre
  8776 | D:7      | Killed a two-headed ogre
  9043 | D:7      | Found a runed translucent door.
  9043 | D:7      | Noticed RepHenryClay's ghost (novice DjFE)
  9779 | D:8      | Reached skill level 12 in Axes
  9860 | D:8      | Found a sand-covered staircase.
  9868 | Ossuary  | Entered an ossuary
 10632 | D:9      | Reached XP level 11. HP: 84/95 MP: 11/11
 10914 | D:9      | Noticed a two-headed ogre
 10926 | D:9      | Killed a two-headed ogre
 11213 | D:9      | Found a staircase to the Lair.
 11216 | D:9      | Identified the +9 spear "Ekhlif" {protect, Int+5 Dex+6}
 11220 | D:9      | Reached skill level 13 in Axes
 11254 | D:9      | Found an ornate altar of the Wu Jian Council.
 11605 | D:9      | Noticed a cyclops
 11620 | D:9      | Killed a cyclops
 12557 | Lair:1   | Entered Level 1 of the Lair of Beasts
 12577 | Lair:1   | HP: 3/97 [yak (5)]
 12578 | Lair:1   | HP: 1/97 [cane toad (7)]
 14688 | Lair:2   | Reached skill level 10 in Fighting
 14758 | Lair:2   | Reached skill level 14 in Axes
 14758 | Lair:2   | Reached XP level 12. HP: 94/106 MP: 12/12
 14829 | Lair:2   | Paralysed by a hornet for 2 turns
 15428 | Lair:2   | Found a staircase to the Swamp.
 15645 | Lair:2   | Reached skill level 10 in Shields
 15765 | Lair:2   | Identified the +1 robe of Loss {-Cast rF+ Str+3 Dex+3}
 16360 | Lair:3   | Noticed a four-headed hydra
 16365 | Lair:3   | Killed a four-headed hydra
 16601 | Lair:3   | Found a staircase to the Snake Pit.
 16633 | Lair:3   | Reached skill level 10 in Armour
 17236 | Lair:3   | Acquired a manual of Dodging
 18566 | Lair:4   | Reached XP level 13. HP: 51/116 MP: 13/13
 18569 | Lair:4   | Reached skill level 15 in Axes
 20065 | Lair:6   | Entered Level 6 of the Lair of Beasts
 21168 | Lair:6   | Found a runed translucent door.
 21168 | Lair:6   | Found a viscous altar of Jiyva.
 21168 | Lair:6   | Found a staircase to the Slime Pits.
 21168 | Lair:6   | Noticed an acid blob
 21332 | Lair:6   | Became a worshipper of Jiyva Jiacwene the Shapeless
 21612 | Lair:6   | Reached * piety under Jiyva
 22205 | Lair:6   | Mangled by a death yak

Illustrated notes

Levels and vault maps discovered:
D:1:      wander_arrival_peaceful_grave, layout_loops_ring
D:2:      layout_rooms, uniq_jessica
D:3:      layout_rooms, jmf_multi_god_temple2, basic_ecumenical_altar,
          grunt_ministairs_8, minmay_distorted
D:4:      layout_rooms, serial_shops, shop
D:5:      layout_basic, eino_tiny_chamber, st_stairs_12
D:6:      layout_basic, trog_butcher_becter,
          minmay_temple_entry_statues_fountains, chequers_mini_garden
D:7:      layout_cave_pods, fedhas_altar_3, enter_bailey_4,
          gammafunk_ghost_grave
D:8:      layout_basic, enter_ossuary_4, minmay_lizard_king
D:9:      layout_basic, overflow_temple_1_default,
          grunt_lair_entry_orc_guard_hut, serial_bayou, serial_bayou_shore_b,
          serial_bayou_crossing, serial_bayou_shore_a, serial_bayou_lake_a
Temple:   eino_temple_scatter_basement
Lair:1:   layout_misc_corridors
Lair:2:   minmay_lair_venomous_thicket, layout_gridlike,
          minmay_swamp_entry_wisps, special_room [special_room_bee],
          gammafunk_lair_bear_cave, infiniplex_staircase_pool,
          grunt_megastairs_3, minmay_lair_oklob_chamber
Lair:3:   layout_cave_pods, minmay_snake_entry_six_corridors,
          chequers_serial_rivers_small_a
Lair:4:   layout_cave_shapes, lemuel_fruit_fields
Lair:5:   layout_gridlike, minmay_lair_drake_nest
Lair:6:   evilmike_catoblepas_cave, layout_regular_city, slime_altar_2,
          grunt_megastairs_4

Skill      XL: |  1  2  3  4  5  6  7  8  9 10 11 12 13 |
---------------+----------------------------------------+-----
Axes           | 3 4 5 6 7 9 10 12 14 15 | 15.8
Fighting       | 4 5 6 7 8 10 11 12 | 12.4
Armour         | 4 5 6 7 8 9 10 11 | 11.4
Shields        | 4 5 6 8 9 11 13 | 13.2
Evocations     | 1 2 4 5 6 7 |  7.2

Action                   |  1- 3 |  4- 6 |  7- 9 | 10-12 | 13-15 || total
-------------------------+-------+-------+-------+-------+-------++-------
Melee: War axe           |    69 |   162 |   200 |       |   157 ||   588
       Hand axe          |       |       |    51 |   713 |    31 ||   795
       Kick              |       |       |       |   203 |    86 ||   289
Throw: Boomerang         |       |       |       |     2 |       ||     2
Evoke: Wand              |       |       |     4 |     4 |     5 ||    13
  Use: Scroll            |       |     7 |     6 |    19 |     1 ||    33
       Potion            |       |     1 |     3 |     8 |     3 ||    15
 Stab: Distracted        |       |       |       |       |     3 ||     3
Armor: Scale mail        |    31 |    45 |       |       |       ||    76
       Plate armour      |       |    86 |   157 |   319 |   135 ||   697
Dodge: Dodged            |    28 |    41 |    46 |    98 |    47 ||   260
Block: Kite shield       |    33 |   119 |   120 |   336 |   102 ||   710

Table legend: (Time is in decaauts)
 A = Elapsed time spent in this place.
 B = Non-inter-level travel time spent in this place.
 C = Inter-level travel time spent in this place.
 D = Time resting spent in this place.
 E = Time spent auto-exploring this place.
 F = Levels seen in this place.
 G = Mean time per level.
                   A        B        C        D        E       F      G
               +--------+--------+--------+--------+--------+-----+--------+
         Total |  22255 |  21606 |    649 |   7230 |  11544 |  18 | 1236.4 |
       Dungeon |  10104 |   9603 |    501 |   1718 |   6620 |   9 | 1122.7 |
        Temple |    165 |    143 |     22 |      0 |    143 |   1 |  165.0 |
          Lair |   9492 |   9367 |    125 |   3852 |   4431 |   6 | 1582.0 |
       Ossuary |    183 |    183 |      0 |      0 |    120 |   1 |  183.0 |
        Bailey |   2309 |   2309 |      0 |   1659 |    229 |   1 | 2309.0 |
               +--------+--------+--------+--------+--------+-----+--------+

Top non-repeatable levels by time:
  Bailey: 2309 daAuts
  Lair:3: 2227 daAuts
     D:9: 2109 daAuts
  Lair:2: 2008 daAuts
  Lair:6: 1693 daAuts
  Lair:1: 1574 daAuts
  Lair:5: 1535 daAuts
     D:5: 1437 daAuts
     D:6: 1283 daAuts
     D:7: 1219 daAuts
     D:3: 918 daAuts
     D:2: 887 daAuts
     D:4: 886 daAuts
     D:8: 728 daAuts
     D:1: 635 daAuts
